 Dungeon Crawl Stone Soup version 0.24.0-13-gcf9b319 (webtiles) character file.

Game seed: 17856222091860583858, levelgen mode: deterministic

214 Golfball the Skirmisher (level 5, 0/35 HPs)
             Began as a Gargoyle Monk on May 18, 2020.
             Was a Believer of Okawaru.
             Killed by divine providence
             ... invoked by an orc priest
              (9 damage)
             ... on level 3 of the Dungeon.
             The game lasted 00:09:33 (3255 turns).

Golfball the Skirmisher (Gargoyle Monk)             Turns: 3255, Time: 00:09:34

Health: 0/35       AC:  9    Str: 16    XL:     5   Next: 92%
Magic:  5/5        EV:  8    Int: 10    God:    Okawaru [**....]
Gold:   209        SH:  7    Dex: 12    Spells: 4/4 levels left

rFire    . . .     SeeInvis .   a - +0 mace
rCold    . . .     Gourm    .   k - +0 shield
rNeg     + . .     Faith    .   j - +0 ring mail
rPois    ∞         Spirit   .   (no helmet)
rElec    +         Reflect  .   (no cloak)
rCorr    .         Harm     .   (no gloves)
MR       .....                  (no boots)
Stlth    +.........             (no amulet)
HPRegen  0.11/turn              (no ring)
MPRegen  0.09/turn              (no ring)

@: no status effects
A: negative energy resistance 1, electricity resistance, unbreathing,
petrification resistance, rot immunity, AC +4
a: Heroism, Renounce Religion


You were on level 3 of the Dungeon.
You worshipped Okawaru.
Okawaru was pleased with you.
You were not hungry.

You visited 1 branch of the dungeon, and saw 4 of its levels.

You collected 209 gold pieces.

Inventory:

Hand Weapons
 a - a +0 mace (weapon)
 b - a +0 hunting sling
 q - a cursed -3 hand axe
Missiles
 m - 52 stones (quivered)
 s - 21 poisoned darts
 y - 7 javelins
Armour
 d - a +0 robe
 j - a +0 ring mail (worn)
 k - a +0 shield (worn)
Jewellery
 r - an uncursed ring of wizardry {unknown}
Scrolls
 f - 2 scrolls of fog
 g - 2 scrolls of teleportation {unknown}
 h - a scroll of blinking {unknown}
 p - 3 scrolls of identify {unknown}
 t - a scroll of fear {unknown}
 u - a scroll of remove curse {unknown}
 x - a scroll of magic mapping {unknown}
Potions
 e - a potion of brilliance {unknown}
 i - a potion of invisibility {unknown}
 l - a potion of might {unknown}
 n - 2 potions of lignification {unknown}
 o - a potion of curing {unknown}
 v - a potion of degeneration {unknown}
 w - a potion of heal wounds {unknown}
 z - a potion of flight {unknown}
Comestibles
 c - 3 rations
 A - 2 chunks of flesh


   Skills:
 + Level 5.4 Fighting
 + Level 4.9 Maces & Flails
 - Level 2.4 Dodging
 - Level 2.1 Stealth


You had 4 spell levels left.
You didn't know any spells.
Your spell library contained the following spells:

 Spells                   Type           Power        Failure   Level  Hunger
 Magic Dart               Conj           #...         99%         1    ##.....
 Blink                    Tloc           N/A          100%        2    ###....
 Call Imp                 Summ           #.......     100%        2    ###....
 Slow                     Hex            #.......     100%        2    ###....
 Conjure Flame            Conj/Fire      #.......     100%        3    ####...
 Mephitic Cloud           Conj/Pois/Air  #.......     100%        3    ####...


Dungeon Overview and Level Annotations

Branches:
Dungeon (4/15)
 Temple: D:4-7

Altars:
Dithmenos
Kikubaaqudgha
Okawaru


Innate Abilities, Weirdness & Mutations

You are resistant to torment.
Your stone body is resilient. (AC +4)
You are immune to poison.
You resist negative energy. (rN+)
You are resistant to electric shocks. (rElec)
You can survive without breathing.
You are immune to petrification.
You are immune to rotting.


Message History

You block the orc priest's attack.
You closely miss the orc priest.
The orc priest is moderately wounded.
The orc priest hits you but does no damage.
You hit the orc priest.
The orc priest is heavily wounded.
The orc priest hits you but does no damage.
You closely miss the orc priest.
The orc priest is heavily wounded.
The orc priest invokes the aid of Beogh against you.
Beogh smites you!
* * * LOW HITPOINT WARNING * * *
Your shield prevents you from hitting the orc priest.
The orc priest is heavily wounded.
The orc priest hits you but does no damage.
You closely miss the orc priest.
The orc priest is heavily wounded.
The orc priest calls down the wrath of Beogh upon you.
Beogh smites you!
You die...

#..............#.........#
#.#.......##...#..........
#.#.......######..........
#.#.......# #..........
#.#..[....######..........
#..............##.........
#.......#......##.........
#.......#.o....##.........
#.......#@................
#......##.................
#...............#........#
######..............#.........
#...................###.......
#...................# #.......
#..###.#.###........###.......
#..# #.#.# #.........##.......
##.###.#.###.........####.....


You could see an orc priest.

Vanquished Creatures
  An ogre (D:3)
  2 adders (D:2)
  3 oozes
  3 dart slugs
  5 leopard geckos
  2 orcs
  2 ball pythons
  4 giant cockroaches
  11 goblins
  10 hobgoblins
  8 jackals
  2 quokkas (D:2)
  6 bats
  4 frilled lizards
  8 kobolds
  4 rats
75 creatures vanquished.

Notes
Turn   | Place    | Note
-------+----------+-------------------------------------------
     0 | D:1      | Golfball the Gargoyle Monk began the quest for the Orb.
     0 | D:1      | Reached XP level 1. HP: 14/14 MP: 1/1
    87 | D:1      | Reached XP level 2. HP: 17/19 MP: 2/2
   503 | D:1      | Reached XP level 3. HP: 23/24 MP: 3/3
   534 | D:1      | Reached skill level 4 in Fighting
   976 | D:2      | Reached XP level 4. HP: 23/30 MP: 4/4
  1060 | D:2      | Found a shadowy altar of Dithmenos.
  1085 | D:2      | Found an iron altar of Okawaru.
  1093 | D:2      | Became a worshipper of Warmaster Okawaru
  1093 | D:2      | Reached * piety under Okawaru
  1093 | D:2      | Reached ** piety under Okawaru
  2393 | D:3      | Found an ancient bone altar of Kikubaaqudgha.
  2527 | D:3      | Reached XP level 5. HP: 34/34 MP: 5/5
  2701 | D:3      | Noticed an ogre
  2714 | D:3      | Killed an ogre
  2714 | D:3      | Reached skill level 5 in Fighting
  3255 | D:3      | Killed from afar by an orc priest

Levels and vault maps discovered:
D:1:      elethiomel_arrival_infinity_welcomes_careful_drivers, layout_basic,
          minmay_split_cup_large
D:2:      layout_basic, okawaru_ov_weapons_minmay, first_ration,
          nicolae_dithmenos_through_a_glass_darkly
D:3:      layout_basic, kiku_gazebo_pond_becter, minmay_misc_feat_cross,
          kennysheep_generic_room_8
D:4:      layout_rooms, gammafunk_temple_overflow_forgotten

Skill      XL: |  1  2  3  4  5 |
---------------+----------------+-----
Fighting       | 4 5 |  5.4
Maces & Flails | 4 |  4.9
Dodging        | |  2.4
Stealth        | |  2.1

Action                   |  1- 3 |  4- 6 || total
-------------------------+-------+-------++-------
Melee: Mace              |   119 |   123 ||   242
 Fire: Hunting sling     |       |    33 ||    33
Invok: Heroism           |       |     1 ||     1
  Use: Scroll            |       |     1 ||     1
 Stab: Sleeping          |     2 |     3 ||     5
  Eat: Chunk             |       |     4 ||     4
       Ration            |       |     1 ||     1
Armor: Robe              |     8 |       ||     8
       Ring mail         |    48 |    65 ||   113
Dodge: Dodged            |    64 |    48 ||   112
Block: Shield            |    31 |    57 ||    88
